 Dungeon Crawl Stone Soup version 0.30-a0-879-ga8ba668304 (webtiles) character file.

Game seed: 10355164898024930892

62 jimonade the Magician (level 4, -3/33 HPs)
             Began as a Djinni Warper on Mar 12, 2023.
             Slain by a centaur (5 damage)
             ... on level 3 of the Dungeon.
             The game lasted 00:02:43 (1541 turns).

jimonade the Magician (Djinni Warper)               Turns: 1541, Time: 00:02:44

Health: -3/33      AC:  4    Str: 12    XL:     4   Next: 28%
Gold:   75         EV: 12    Int: 14    God:
                   SH:  0    Dex: 13

rFire   + + .      SeeInvis .    a - +2 spear (venom)
rCold   x . .      Faith    .    (no shield)
rNeg    . . .      Spirit   .    b - +0 leather armour
rPois   ∞          Reflect  .    (no helmet)
rElec   .          Rampage  .    (no cloak)
rCorr   .                        v - +0 pair of gloves
Will    .....                    (boots unavailable)
Stlth   +                        (no amulet)
HPRegen 0.25/turn                (no ring)
MPRegen 0.00/turn                (no ring)

@: flying
A: sickness immunity, fire resistance 2, cold vulnerability 1, float, innate
caster, HP casting, extra vitality 1
a: no special abilities


You were on level 3 of the Dungeon.
You visited 1 branch of the dungeon, and saw 3 of its levels.

You collected 75 gold pieces.

Inventory:

Hand Weapons
 a - a +2 spear of venom (weapon)
 n - a +0 spear
 p - a +0 mace
Missiles
 d - 6 boomerangs of dispersal
 e - 2 poisoned darts
 h - 19 stones
 m - 4 boomerangs
Armour
 b - a +0 leather armour (worn)
 v - a +0 pair of gloves (worn)
Scrolls
 c - 2 scrolls of blinking
 g - a scroll of brand weapon {unknown}
 i - 2 scrolls of identify {unknown}
 k - a scroll of fear {unknown}
 l - a scroll of teleportation {unknown}
 o - a scroll of noise {unknown}
 q - a scroll of torment {unknown}
 s - a scroll of magic mapping {unknown}
 t - a scroll of poison {unknown}
 w - a scroll of immolation {unknown}
 x - a scroll of amnesia {unknown}
Potions
 f - a potion of flight {unknown}
 j - 4 potions of curing {unknown}
 r - a potion of attraction {unknown}
 u - a potion of heal wounds {unknown}


   Skills:
 - Level 2.0 Fighting
 - Level 1.5 Polearms
 - Level 0.7 Throwing
 - Level 1.0 Armour
 - Level 2.1 Dodging
 + Level 3.8 Spellcasting


You knew the following spells:

 Your Spells              Type           Power      Damage    Failure   Level
a - Blink                 Tloc           26%        N/A       8%          2
b - Lesser Beckoning      Tloc           26%        N/A       8%          2
c - Vhi's Electric Charg  Tloc/Air       26%        N/A       16%         3
d - Teleport Other        Tloc           13%        N/A       16%         3
e - Manifold Assault      Tloc           13%        N/A       45%         4
f - Necrotise             Necr           52%        1d6       5%          1
Your spell library was empty.

Dungeon Overview and Level Annotations

Branches:
Dungeon (3/15)

Altars:

Shops:
D:1 [

Annotations:
D:2 1 runed translucent door, Crazy Yiuf


Innate Abilities, Weirdness & Mutations

You are immune to sickness and miasma.
You are immune to poison.
Your flesh is very heat resistant. (rF++)
You are vulnerable to cold. (rC-)
You float through the air rather than walking.
You learn spells naturally, not from books.
Your magical power is your life essence.
You have superior vitality. (+4 MHP)


Message History

You hit the quokka but do no damage.
The quokka twitches its whiskers.
The quokka barely misses you.
You hit the quokka.
The quokka is severely wounded.
The quokka barely misses you.
You hit the quokka.
The quokka is poisoned.
The quokka is almost dead.
You kill the quokka!
No target in view!
x - a scroll labelled LIUWOL EDOR A centaur comes into view.
The centaur wields a +0 shortbow.
The centaur shoots an arrow.
The arrow hits you!
The centaur shoots an arrow.
The arrow hits you.
The centaur shoots an arrow.
The arrow hits you!
The centaur shoots an arrow.
The arrow hits you!
* * * LOW HITPOINT WARNING * * *
The centaur unwields a +0 shortbow.
The centaur misses you.
The centaur kicks you but does no damage.
You are too injured to fight recklessly!
You puncture the centaur!
The centaur is poisoned.
The centaur is moderately wounded.
The centaur barely misses you.
The centaur kicks you but does no damage.
The centaur closely misses you.
The centaur kicks you but does no damage.
You hit the centaur but do no damage.
The centaur looks as sick as possible!
The centaur is moderately wounded.
The centaur hits you.
* * * LOW HITPOINT WARNING * * *
The centaur misses you.
You hit the centaur.
The centaur is moderately wounded.
The centaur barely misses you. x2; The centaur misses you.
The centaur closely misses you.
You closely miss the centaur.
The centaur is severely wounded.
The centaur hits you.
You die...

### ... #.. ...
#.# ... #.# ...
#.# #.# #.# #.#
#.# #.#####
#.####.# #.#...#
#.#@c..# .
#.#...###
#..###.## #
.###.......###.##
##.#.#
...............#
#...#
.###.......###.#
#.### .#
#.#...### ##.#
=## .# #.#...#
#.... †###.#####
#.#. ..##.# #c#.


You could see a centaur (extremely poisoned).

Vanquished Creatures
  2 adders (D:2)
  A dart slug (D:3)
  A bat (D:1)
  4 endoplasms
  3 giant cockroaches
  6 hobgoblins
  3 jackals (D:2)
  2 quokkas
  3 ball pythons
  4 frilled lizards
  2 goblins
  3 kobolds (D:2)
  5 rats
39 creatures vanquished.

Notes
Turn   | Place    | Note
-------+----------+-------------------------------------------
     0 | D:1      | jimonade the Djinni Warper began the quest for the Orb.
     0 | D:1      | jimonade set off with the following spells memorised:
                  | Blink, Lesser Beckoning, Vhi's Electric Charge, Teleport
                  | Other, Manifold Assault.
     0 | D:1      | Reached XP level 1. HP: 18/18 MP: 0/0
    26 | D:1      | Found Peushriv's Armour Shoppe.
   232 | D:1      | Reached XP level 2. HP: 23/23 MP: 0/0
   387 | D:1      | Found a faded altar of an unknown god.
   429 | D:1      | Reached skill level 3 in Spellcasting
   690 | D:2      | Reached XP level 3. HP: 24/28 MP: 0/0
   690 | D:2      | Learned a level 1 spell: Necrotise
   956 | D:2      | Found a runed translucent door.
   957 | D:2      | Noticed Crazy Yiuf
  1020 | D:2      | Reached XP level 4. HP: 11/33 MP: 0/0
  1528 | D:3      | Noticed a centaur
  1541 | D:3      | Slain by a centaur

Illustrated notes

Levels and vault maps discovered:
D:1:      ncdulo_watergridlock, layout_rooms,
          hellmonk_ecumenical_altar_inner_sanctum, serial_shops, shop_statue,
          chequers_serial_rivers_micro_d, minmay_stone_trees_small
D:2:      layout_basic, st_stairs_2, uniq_crazy_yiuf_cottage
D:3:      layout_loops_ring, uniq_natasha

Skill      XL: |  1  2 |
---------------+-------+-----
Spellcasting   | 3 |  3.8
Fighting       | |  2.0
Polearms       | |  1.5
Throwing       | |  0.7
Armour         | |  1.0
Dodging        | |  2.1

Action                     |  1- 3 |  4- 6 || total
---------------------------+-------+-------++-------
  Melee: Spear             |    72 |    20 ||    92
  Throw: Boomerang         |     1 |       ||     1
   Cast: Necrotise         |    15 |       ||    15
 Armour: Leather armour    |    21 |     5 ||    26
  Dodge: Dodged            |    41 |    15 ||    56

Table legend: (Time is in decaauts)
 A = Elapsed time spent in this place.
 B = Non-inter-level travel time spent in this place.
 C = Inter-level travel time spent in this place.
 D = Time resting spent in this place.
 E = Time spent auto-exploring this place.
 F = Levels seen in this place.
 G = Mean time per level.
                   A        B        C        D        E       F      G
               +--------+--------+--------+--------+--------+-----+--------+
         Total |   1542 |   1475 |     67 |    116 |   1006 |   3 |  514.0 |
       Dungeon |   1542 |   1475 |     67 |    116 |   1006 |   3 |  514.0 |
               +--------+--------+--------+--------+--------+-----+--------+

Top non-repeatable levels by time:
     D:2: 831 daAuts
     D:1: 625 daAuts
     D:3: 85 daAuts
